Map: Efflorescence LE

Players

Massa - Winner!

  • Race: Terran Terran
  • League: Platinum
  • Spawn Location: 3:00

qqq - Winner!

  • Race: Zerg Zerg
  • Spawn Location: 12:00

AAARRRRRR

  • Race: Terran Terran
  • League: Diamond
  • Spawn Location: 9:00

Gýrok

  • Race: Protoss Protoss
  • Spawn Location: 6:00

VOD

Have the link to the VOD?

Description

Time

  • Played on: Feb. 12, 2021, 11:46 a.m.
  • Length: 6:25
Show
View Real Time Build Order
Export as new Build Order

Massa Terran - Winner!

Build Orders:  

Get SALT Encoding   

  12  0:00  SCV  
  13  0:13  SCV  
  14  0:17  Supply Depot  
  14  0:25  SCV  
  15  0:39  SCV  
  15  0:41  Barracks  
  16  0:51  SCV  
  16  0:53  Refinery  
  17  0:57  Supply Depot  
  17  1:03  SCV  
  18  1:13  Barracks  
  18  1:22  SCV  
  19  1:29  Barracks  
  19  1:34  Marine  
  20  1:41  SCV  
  21  1:52  Marine  
  21  1:53  Orbital Command  
  22  1:59  Barracks Tech Lab  
  22  2:10  Marine  
  23  2:16  Supply Depot  
  23  2:18  Marine x2  
  25  2:27  Stimpack  
  25  2:29  Marine  
  26  2:35  Marine  
  29  2:37  Marauder  
  29  2:44  Supply Depot  
  29  2:47  Marine  
  30  2:53  Marine  
  33  2:58  Marauder  
  33  3:05  Marine  
  34  3:11  Marine  
  35  3:14  Supply Depot  
  37  3:20  Marauder  
  37  3:23  Marine  
  38  3:29  Marine  
  39  3:40  Marine  
  39  3:41  Marauder  
  42  3:47  Marine  
  43  3:55  Supply Depot  
  43  3:58  Marine  
  43  4:00  Factory  
  43  4:02  Marauder  
  46  4:04  Marine  
  47  4:13  Engineering Bay  
  47  4:14  Concussive Shells  
  47  4:16  Marine  
  48  4:24  Marauder  
  46  4:49  Marauder, Marine x2  
  49  5:07  Marine x2  
  49  5:11  Marauder  
  36  5:25  Marine x2  
  38  5:32  Marauder  
  38  5:42  Marine  
  38  5:43  Marine  
  38  5:45  Factory Tech Lab  
  40  5:53  Marauder  
  42  5:57  Command Center  
  42  6:00  Marine x2  
Show
View Real Time Build Order
Export as new Build Order

qqq Zerg - Winner!

Build Orders: Hatch First 

Get SALT Encoding   

  12  0:00  Drone  
  13  0:19  Drone  
  14  0:23  Overlord  
  14  0:47  Hatchery  
  13  0:52  Drone  
  13  0:53  Drone  
  15  1:01  Drone  
  16  1:17  Spawning Pool  
  15  1:18  Extractor  
  15  1:23  Drone  
  16  1:25  Drone  
  16  1:29  Drone  
  17  1:37  Drone  
  19  1:47  Drone  
  19  1:57  Drone  
  19  2:00  Drone  
  21  2:05  Queen  
  23  2:10  Queen  
  25  2:20  Drone  
  25  2:24  Metabolic Boost  
  25  2:28  Overlord  
  25  2:31  Drone  
  25  2:34  Drone  
  27  2:39  Zergling x2  
  28  2:46  Zergling x2  
  28  2:47  Zergling x2  
  28  2:49  Drone  
  31  2:52  Zergling x2  
  31  2:54  Drone  
  33  3:02  Zergling x2  
  33  3:04  Overlord  
  34  3:16  Evolution Chamber  
  33  3:20  Drone x2  
  33  3:21  Zergling x2  
  33  3:22  Overlord  
  33  3:23  Zergling x4  
  33  3:25  Zergling x2  
  39  3:27  Zergling x2  
  39  3:33  Zergling x2  
  41  3:34  Zergling x2  
  42  3:44  Zergling x2  
  42  3:45  Zerg Melee Weapons Level 1  
  42  3:48  Zergling x6  
  45  3:54  Zergling x2, Spore Crawler  
  46  4:04  Drone  
  46  4:08  Zergling x2, Overlord  
  46  4:09  Zergling x2  
  49  4:19  Zergling x2  
  49  4:20  Zergling x2  
  50  4:32  Zergling x6  
  50  4:33  Zergling x4  
  50  4:34  Zergling x2  
  54  4:50  Zergling x2  
  54  4:51  Zergling x2  
  54  4:59  Zergling x2  
  46  5:00  Zergling x2  
  42  5:14  Zergling x2  
  42  5:15  Drone  
  43  5:27  Hatchery, Zergling x2  
  43  5:28  Zergling x6  
  44  5:38  Hatchery  
  42  5:45  Zergling x4  
  42  5:46  Zergling x4  
  42  5:47  Zergling x6  
  44  6:02  Zergling x2  
  44  6:03  Zergling x2  
Show
View Real Time Build Order
Export as new Build Order

AAARRRRRR Terran 

Build Orders: Reaper Expand 

Get SALT Encoding   

  12  0:00  SCV  
  13  0:12  SCV  
  14  0:18  Supply Depot  
  14  0:24  SCV  
  15  0:39  SCV  
  15  0:41  Barracks  
  16  0:45  Refinery  
  16  0:52  SCV  
  17  1:04  SCV  
  18  1:16  SCV  
  19  1:28  Orbital Command  
  19  1:30  Reaper  
  20  1:50  Command Center  
  20  1:55  SCV  
  21  2:01  Supply Depot  
  21  2:07  Barracks Reactor, SCV  
  22  2:19  SCV  
  23  2:22  Factory  
  23  2:27  Refinery  
  23  2:31  SCV  
  24  2:43  SCV  
  25  2:45  Marine x2  
  26  2:55  SCV  
  27  3:04  Marine x2  
  29  3:08  Starport, SCV, Factory Reactor  
  30  3:13  Orbital Command, Barracks  
  30  3:20  SCV  
  30  3:22  Marine x2  
  33  3:30  Bunker  
  33  3:32  SCV  
  34  3:37  Supply Depot  
  34  3:38  SCV  
  35  3:42  Marine  
  35  3:44  SCV  
  35  3:45  Marine  
  38  3:51  SCV  
  39  3:56  Factory Tech Lab, SCV  
  39  4:00  Barracks Tech Lab  
  40  4:04  SCV  
  40  4:06  Marine x2  
  40  4:07  Refinery x2  
  43  4:12  SCV  
  43  4:16  SCV  
  45  4:18  Stimpack  
  45  4:19  Medivac  
  45  4:21  Medivac  
  49  4:24  Marine  
  50  4:38  Marine, Siege Tank  
  54  4:55  Marine  
  54  4:57  Marine  
  54  5:03  Marine  
  54  5:04  SCV x2  
  49  5:13  Marine, Siege Tank  
  52  5:15  Marine  
  52  5:17  SCV  
  52  5:20  SCV  
  52  5:21  Marine  
  53  5:31  Marine  
  54  5:43  Marine x2  
  54  5:44  SCV  
  54  5:45  SCV  
  53  5:50  Marine  
  53  5:53  Supply Depot  
  53  5:56  Supply Depot  
  54  5:57  Supply Depot x2  
  54  6:05  Engineering Bay  
  54  6:07  Command Center  
Show
View Real Time Build Order
Export as new Build Order

Gýrok Protoss 

Build Orders: Blink Stalkers 

Get SALT Encoding   

  12  0:00  Probe  
  13  0:15  Pylon  
  13  0:18  Probe  
  14  0:30  Probe  
  15  0:35  Gateway  
  15  0:42  Probe  
  16  0:54  Probe  
  17  0:58  Assimilator  
  17  1:06  Probe  
  17  1:11  Pylon  
  18  1:18  Probe  
  19  1:28  Cybernetics Core  
  19  1:30  Probe  
  20  1:42  Gateway  
  20  1:43  Probe  
  21  1:49  Assimilator  
  21  1:55  Probe  
  21  1:56  Stalker  
  21  1:58  Warp Gate (Chrono Boost)  
  22  2:07  Probe  
  25  2:19  Probe  
  25  2:20  Gateway  
  26  2:26  Pylon  
  26  2:29  Stalker  
  28  2:31  Probe  
  28  2:36  Stalker  
  31  2:47  Twilight Council  
  31  3:01  Probe  
  31  3:03  Stalker  
  36  3:13  Stalker  
  38  3:26  Probe  
  37  3:31  Blink (Chrono Boost)  
  37  3:41  Nexus  
  37  3:45  Pylon  
  37  3:54  Probe  
  38  4:00  Pylon  
  38  4:06  Probe  
  38  4:08  Stalker  
  41  4:11  Stalker  
  43  4:19  Stalker  
  41  4:38  Stalker x2  
  29  5:01  Stalker  
  23  5:10  Probe  
  5  5:39  Probe x2  
  2  5:51  Probe  
  3  5:59  Pylon  
  1  6:16  Probe (Chrono Boost)  
Tags
 
Add a new tag
Caveats
  • Supply blocks, unpowered buildings, or Contaminate may cause inaccurate times.
  • Supply counts are checked every 10 seconds.